AoeStats
← Kaer Morhen

Arena

509689861Analyzed
3v3 RM · 5d ago on Sep 27, 2026· 44m 16s· 6 players
Game mode
Random Map
Map size
Normal (6 player)
Population
200
Speed
Normal
Resources
Standard
Victory
Conquest
Starting age
Dark Age
Ending age
Imperial Age
RankedLock teamsTeams togetherTeam positionsShared explorationLock speedFull tech treeHidden civsTurbo modeCheats
Victory
Defeat
🇨🇴 Koreans · Colombia
1386
+13
🇨🇿 Slavs · Czechia
1317
+16
🇱🇾 Burgundians · Libya
1212
+19
🇲🇽 Italians · Mexico
1363
-18
🇲🇽 Saracens · Mexico
1316
-16
🇨🇴 Teutons · Colombia
1260
-14
[GDL] HANNIBAL
5:22 Loom
8:05 Feudal Age
10:21 Fletching
12:23 Horse Collar
13:22 Double-Bit Axe
22:24 Castle Age
22:20 Gold Mining
23:22 Bow Saw
23:07 Town Watch
26:31 Bodkin Arrow
27:17 Padded Archer Armor
28:38 Ballistics
30:28 Wheelbarrow
33:18 Imperial Age
31:31 Masonry
34:00 Bracer
35:09 Chemistry
35:31 Wheelbarrow
34:58 Heavy Plow
35:14 Fortified Wall
36:44 Conscription
39:23 Town Patrol
40:09 Scale Barding Armor
42:17 Light Cavalry
42:20 Elite Genoese Crossbowman
44:03 Chain Barding Armor
[GDL] saushino
10:16 Feudal Age
14:11 Castle Age
12:15 Double-Bit Axe
14:21 Horse Collar
21:38 Wheelbarrow
23:19 Loom
24:20 Hand Cart
24:00 Gold Mining
24:07 Town Watch
28:59 Imperial Age
29:54 Capped Ram
32:54 Crossbowman
33:40 Thumb Ring
34:13 Arbalester
35:30 Fletching
35:40 Padded Archer Armor
36:31 Conscription
36:47 Bodkin Arrow
38:28 Chemistry
37:50 Ballistics
39:12 Bracer
41:21 Parthian Tactics
42:51 Leather Archer Armor
[GDL] especialista
6:22 Loom
8:52 Feudal Age
10:42 Double-Bit Axe
15:45 Wheelbarrow
20:40 Castle Age
18:52 Scale Mail Armor
20:30 Stone Mining
21:09 Forging
28:38 Chain Mail Armor
31:04 Bow Saw
35:39 Imperial Age
34:20 Iron Casting
33:45 Gold Mining
34:42 Horse Collar
35:25 Squires
35:11 Arson
35:29 Pikeman
37:30 Plate Mail Armor
37:42 Gambesons
38:47 Stone Shaft Mining
38:56 Conscription
40:45 Blast Furnace
42:39 Heavy Plow
43:01 Hand Cart
[Tunjos]Acordeon
6:06 Loom
8:33 Feudal Age
11:24 Double-Bit Axe
13:14 Horse Collar
14:35 Wheelbarrow
16:46 Town Watch
21:04 Castle Age
19:29 Stone Mining
19:31 Gold Mining
22:55 Bow Saw
23:27 Fletching
36:35 Imperial Age
34:48 Gold Shaft Mining
35:13 Bodkin Arrow
35:20 Elite Skirmisher
38:10 Conscription
38:43 Bracer
39:50 Chemistry
39:11 Ballistics
39:31 Heavy Cavalry Archer
41:10 Thumb Ring
40:33 Light Cavalry
boxe
5:33 Loom
9:47 Feudal Age
18:07 Arson
19:10 Double-Bit Axe
19:07 Horse Collar
21:22 Wheelbarrow
22:51 Bow Saw
25:14 Castle Age
25:10 Scale Barding Armor
25:15 Forging
25:31 Stone Mining
26:52 Stone Shaft Mining
26:09 Gold Mining
29:48 Chain Barding Armor
29:43 Husbandry
30:12 Hand Cart
34:31 Gold Shaft Mining
34:31 Heavy Plow
36:33 Burgundian Vineyards
40:29 Imperial Age
40:17 Squires
40:26 Scale Mail Armor
41:01 Iron Casting
41:48 Chain Mail Armor
43:08 Plate Barding Armor
43:34 Blast Furnace
42:57 Conscription
Kaer Morhen
8:23 Loom
8:30 Loom
10:35 Feudal Age
15:22 Castle Age
13:39 Double-Bit Axe
13:38 Horse Collar
17:25 Wheelbarrow
17:12 Heavy Plow
17:26 Bow Saw
24:14 Hand Cart
23:45 Town Watch
28:56 Imperial Age
27:52 Coinage
28:07 Scale Mail Armor
28:18 Forging
28:20 Fortified Wall
29:18 Chain Mail Armor
28:36 Man-at-Arms
29:17 Squires
29:29 Long Swordsman
30:55 Crop Rotation
31:37 Plate Mail Armor
31:43 Iron Casting
32:12 Two-Man Saw
31:39 Capped Ram
32:51 Heavy Scorpion
33:30 Two-Handed Swordsman
34:32 Conscription
34:14 Druzhina
37:03 Blast Furnace
36:14 Detinets
38:04 Champion
38:04 Pikeman
38:58 Halberdier
41:36 Siege Engineers
41:51 Ballistics
42:32 Chemistry
42:50 Siege Ram
Connection lost

Rejoining the realm…

Still unreachable

The connection could not be restored.

Session expired

The server has moved on; the page needs a fresh start.